Map: Dusk Towers

Players

LilDicky

  • Race: Terran Terran
  • League: Diamond

Slivers - Winner!

  • Race: Zerg Zerg
  • League: Platinum

VOD

http://www.twitch.tv/tumescentpie

Description

Time

  • Played on: Dec. 6, 2015, 2:37 a.m.
  • Length: 15:16
Show
View Real Time Build Order
Export as new Build Order

LilDicky Terran 

Build Orders: Reaper Expand, Bio Tank, MMM Bio 

Get SALT Encoding   

  12  0:01  SCV  
  13  0:13  SCV  
  14  0:17  Supply Depot  
  14  0:25  SCV  
  14  0:28  Refinery  
  15  0:39  SCV  
  16  0:44  Barracks  
  16  0:51  SCV  
  17  1:03  SCV  
  18  1:16  SCV  
  19  1:31  Reaper  
  19  1:32  Orbital Command  
  20  1:46  Command Center  
  20  1:58  Supply Depot  
  20  2:03  Marine  
  20  2:07  SCV  
  22  2:15  Refinery  
  22  2:23  Factory  
  22  2:24  SCV  
  22  2:28  Barracks Tech Lab  
  23  2:36  SCV  
  24  2:48  SCV  
  25  2:51  Marine  
  27  3:19  SCV  
  27  3:20  Supply Depot  
  27  3:21  Orbital Command  
  27  3:27  Command Center  
  27  3:28  Siege Tank  
  27  3:29  Barracks Reactor  
  27  3:31  SCV  
  31  3:43  SCV, Refinery  
  32  3:55  SCV  
  32  3:58  Starport  
  32  3:59  SCV  
  32  4:00  Siege Tank  
  36  4:07  SCV, Marine x2  
  39  4:13  SCV  
  40  4:22  SCV  
  41  4:25  Marine  
  41  4:28  Marine  
  43  4:31  SCV  
  43  4:33  Siege Tank  
  43  4:35  Liberator x2  
  47  4:41  Orbital Command  
  47  4:42  Supply Depot  
  47  4:47  Engineering Bay  
  53  5:10  Orbital Command  
  53  5:18  SCV  
  53  5:19  SCV, Siege Tank  
  58  5:24  Supply Depot  
  58  5:25  Terran Infantry Weapons Level 1  
  58  5:28  Barracks Tech Lab  
  58  5:31  Barracks Reactor  
  58  5:33  SCV x2, Barracks, Supply Depot  
  58  5:34  Barracks  
  60  5:36  SCV  
  61  5:45  SCV x2  
  63  5:52  SCV  
  61  6:00  SCV  
  61  6:01  Siege Tank  
  57  6:13  SCV  
  57  6:17  Marine x2  
  57  6:18  SCV, Liberator  
  61  6:22  SCV  
  61  6:25  SCV  
  63  6:26  Barracks Tech Lab x2  
  63  6:29  Barracks  
  63  6:30  SCV  
  63  6:32  Barracks  
  64  6:33  Siege Tank  
  64  6:35  SCV, Marine x2  
  64  6:37  SCV  
  64  6:39  Refinery  
  74  6:41  Supply Depot, Refinery  
  74  6:42  SCV  
  74  6:45  Missile Turret  
  74  6:47  SCV  
  76  6:49  Armory  
  76  6:51  SCV  
  76  6:52  Stimpack, Engineering Bay  
  76  6:53  Marine  
  78  6:56  Combat Shields  
  78  7:00  Marine  
  79  7:03  Marine x2  
  79  7:04  SCV  
  82  7:10  SCV x2, Marine  
  82  7:11  Missile Turret  
  85  7:15  Supply Depot  
  85  7:18  Marine  
  85  7:21  Barracks Reactor, Marine x2  
  85  7:22  Barracks Reactor  
  88  7:25  SCV x2  
  88  7:27  Supply Depot, SCV  
  88  7:28  Marine  
  92  7:30  Medivac  
  92  7:31  Missile Turret, Medivac  
  92  7:32  Missile Turret  
  92  7:36  Marine  
  97  7:37  SCV  
  97  7:38  SCV, Marine  
  97  7:39  Marine  
  97  7:42  SCV  
  102  7:48  Command Center, Marine  
  102  7:50  SCV x2  
  104  7:54  SCV, Supply Depot, Marine  
  104  7:56  Marine x2  
  104  7:58  Terran Infantry Armor Level 1  
  108  7:59  Marine  
  108  8:02  Terran Infantry Weapons Level 2  
  108  8:04  SCV  
  110  8:07  Medivac  
  110  8:08  Missile Turret  
  110  8:09  Medivac  
  114  8:12  Supply Depot  
  114  8:13  SCV  
  115  8:21  Marine x3  
  115  8:22  Marine, Refinery, Marauder  
  115  8:25  Marine  
  115  8:26  Supply Depot  
  122  8:33  SCV x2  
  125  8:34  SCV  
  125  8:35  Missile Turret  
  125  8:38  Marine x3  
  125  8:40  Medivac  
  130  8:41  Medivac  
  130  8:45  SCV  
  130  8:48  Marauder  
  135  8:50  Siege Tank  
  138  8:58  Marine x3  
  138  8:59  Supply Depot  
  138  9:00  Marauder  
  78  9:10  Medivac  
  143  9:11  Medivac  
  143  9:14  Marine x4  
  143  9:16  Marine x2  
  153  9:23  Missile Turret  
  153  9:27  Missile Turret  
  149  9:37  Liberator x2  
  126  9:51  Marine x3  
  126  9:52  Marine x2  
  134  10:04  Orbital Command  
  83  10:29  SCV  
  84  10:36  SCV x2  
  85  10:52  Orbital Command  
  85  10:59  Marine x2  
  85  11:01  Marine x6  
  93  11:09  Barracks  
  93  11:11  Barracks x2  
  93  11:12  Barracks x2  
  93  11:13  Barracks, Terran Infantry Armor Level 2  
  93  11:17  Marine x2  
  95  11:18  Marine  
  95  11:19  Marine x3  
  95  11:20  Marauder x2  
  103  11:35  Marine x2  
  103  11:38  Marine  
  106  11:43  Marine x2  
  106  11:44  Marine x3  
  106  11:45  Missile Turret  
  111  11:52  Missile Turret x2, Marine  
  112  11:57  Marine x2  
  112  12:00  Planetary Fortress  
  112  12:01  Marine x3  
  114  12:06  Marine  
  114  12:07  Marine  
  126  12:13  Barracks Tech Lab  
  126  12:14  Barracks Tech Lab x2  
  107  12:15  Barracks Tech Lab  
  80  12:48  Marine x2  
  80  12:50  Marauder x4  
  91  12:57  Marine x2  
  89  12:59  Marine x2  
  89  13:00  Marine x2  
  93  13:06  Marine x2  
  93  13:11  Marauder x4  
  98  13:15  Marine x2  
  98  13:17  Marine  
  98  13:18  Marine  
  95  13:32  Marauder x2  
  95  13:33  Marauder x2  
  97  13:35  Orbital Command  
  91  13:44  Marine x2  
  91  13:45  Marine  
  91  13:48  Marine  
  93  14:03  Supply Depot  
  93  14:08  Marine  
  93  14:10  Marine, Marauder  
  93  14:11  Marauder x2, Marine  
  93  14:12  Marauder, Marine  
  93  14:14  Marine x2  
  76  14:20  Marine  
  69  14:26  Marine  
  69  14:28  Marine  
  61  14:33  Marauder x3  
  61  14:45  Marine  
  60  14:46  Medivac  
  60  14:48  SCV x3  
  60  14:52  Marine  
  64  14:54  Marine  
  65  15:00  SCV x2  
  65  15:01  SCV  
Show
View Real Time Build Order
Export as new Build Order

Slivers Zerg - Winner!

Build Orders: Hatch First 

Get SALT Encoding   

  12  0:01  Drone  
  13  0:13  Overlord  
  13  0:21  Drone  
  14  0:31  Drone x2  
  17  0:35  Drone  
  17  0:53  Hatchery  
  17  0:55  Drone  
  17  1:00  Extractor  
  17  1:02  Drone  
  17  1:16  Drone  
  17  1:18  Spawning Pool  
  17  1:24  Drone  
  18  1:29  Drone  
  19  1:41  Drone  
  20  1:56  Drone  
  21  2:05  Queen x2  
  21  2:08  Zergling x4  
  27  2:20  Hatchery  
  26  2:24  Metabolic Boost  
  26  2:35  Drone  
  26  2:36  Drone  
  28  2:38  Overlord  
  27  3:03  Drone x6  
  32  3:15  Drone x2  
  34  3:23  Drone  
  34  3:24  Overlord  
  34  3:25  Overlord  
  35  3:30  Evolution Chamber  
  35  3:33  Evolution Chamber  
  33  3:37  Drone x6  
  39  3:43  Queen  
  40  3:57  Zerg Melee Weapons Level 1  
  40  3:58  Zerg Ground Armor Level 1  
  40  4:02  Drone x5  
  45  4:11  Lair  
  45  4:14  Drone x4  
  49  4:18  Drone x2  
  49  4:19  Drone  
  49  4:23  Overlord  
  52  4:31  Drone  
  52  4:32  Drone x4  
  52  4:33  Overlord  
  52  4:36  Overlord  
  57  4:42  Extractor  
  57  4:44  Extractor  
  57  4:45  Drone x4, Extractor  
  58  4:46  Drone, Extractor  
  58  4:57  Zergling x14  
  65  5:00  Zergling x4  
  65  5:01  Zergling x4  
  69  5:13  Baneling Nest  
  68  5:16  Drone, Infestation Pit  
  68  5:17  Drone x2  
  70  5:22  Extractor, Zergling x6  
  72  5:30  Drone  
  72  5:32  Overlord  
  72  5:33  Overlord x6  
  64  6:09  Zergling x2  
  64  6:10  Zergling x32  
  79  6:13  Zerg Melee Weapons Level 2  
  79  6:14  Zerg Ground Armor Level 2  
  79  6:15  Centrifical Hooks  
  79  6:18  Hive  
  79  6:20  Drone  
  79  6:25  Drone x3  
  83  6:27  Zergling x2  
  83  6:28  Zergling x2  
  85  6:36  Drone x3  
  88  6:41  Hatchery  
  88  6:45  Drone x6  
  88  6:46  Drone  
  94  7:05  Queen x2  
  98  7:18  Drone x2  
  100  7:35  Ultralisk Cavern  
  99  7:39  Zergling x2  
  99  7:40  Queen, Zergling x28  
  116  7:59  Drone  
  116  8:00  Drone x5  
  116  8:01  Queen  
  116  8:02  Overlord x2  
  116  8:03  Overlord x4  
  123  8:18  Drone x5  
  128  8:20  Extractor  
  128  8:23  Extractor  
  128  8:25  Zergling x8  
  130  8:30  Chitinous Plating  
  130  8:31  Ultralisk x3  
  130  8:33  Ultralisk  
  154  8:36  Queen  
  156  8:43  Ultralisk  
  156  8:46  Ultralisk  
  168  8:52  Ultralisk  
  174  9:09  Ultralisk  
  180  9:20  Zerg Ground Armor Level 3, Zerg Melee Weapons Level 3  
  180  9:22  Adrenal Glands  
  180  9:24  Overlord x5  
  135  9:46  Ultralisk x2  
  135  9:47  Ultralisk  
  135  9:49  Ultralisk  
  142  10:16  Drone  
  142  10:17  Drone x18  
  142  10:18  Drone x3  
  164  10:25  Overlord  
  164  10:35  Hatchery  
  163  11:20  Extractor  
  162  11:44  Hydralisk Den  
  160  11:57  Zerg Missile Weapons Level 1  
  160  12:01  Pneumatized Carapace  
  160  12:02  Ultralisk x3  
  160  12:03  Ultralisk, Overlord  
  160  12:04  Overlord x4  
  176  12:40  Hydralisk  
  176  12:41  Hydralisk x11  
  169  13:01  Hydralisk x6  
  169  13:02  Hydralisk x7  
  169  13:03  Hydralisk  
  179  13:30  Muscular Augments  
  155  14:14  Hydralisk x12  
  155  14:15  Hydralisk x6  
  153  14:32  Hydralisk  
  153  14:33  Hydralisk x4  
  199  15:05  Hatchery  
Tags
 
Add a new tag
Caveats
  • Supply blocks, unpowered buildings, or Contaminate may cause inaccurate times.
  • Supply counts are checked every 10 seconds.